 Dungeon Crawl Stone Soup version 0.29.0-13-gc9e81de378 (webtiles) character file.

Game seed: 12780847939457744962

5732 KamiKatze the Cleaver (level 10, 0/90 HPs)
             Began as a Gargoyle Fighter on Sept 9, 2022.
             Was a Priest of Trog.
             Slain by a death yak (10 damage)
             ... on level 8 of the Dungeon.
             The game lasted 00:34:29 (8799 turns).

KamiKatze the Cleaver (Gargoyle Fighter)            Turns: 8799, Time: 00:34:30

Health: 0/90       AC: 29    Str: 25    XL:     10   Next: 77%
Magic:  10/10      EV:  9    Int:  8    God:    Trog [***...]
Gold:   515        SH:  9    Dex:  9    Spells: 9/9 levels left

rFire   + . .      SeeInvis .   a - +7 hand axe of Plague {protect, rC++}
rCold   + + +      Faith    .   c - +0 kite shield
rNeg    + . .      Spirit   .   G - +4 scale mail
rPois   ∞          Reflect  .   (no helmet)
rElec   +          Harm     .   t - scarf {rC+ rF+}
rCorr   .          Rampage  .   N - +1 pair of gloves
Will    .....                   I - +0 pair of boots
Stlth   ..........              (no amulet)
HPRegen 0.25/turn               (no ring)
MPRegen 0.12/turn               (no ring)

@: berserking (expiring), under a protective aura, very quick
A: sickness immunity, AC +7, negative energy resistance 1, electricity
resistance, torment resistance 1, petrification resistance
a: Renounce Religion, Berserk, Trog's Hand


You were on level 8 of the Dungeon.
You worshipped Trog.
Trog was most pleased with you.
You visited 2 branches of the dungeon, and saw 10 of its levels.
You also visited: Sewer.

You collected 515 gold pieces.

Inventory:

Hand Weapons
 a - the +7 hand axe of Plague (weapon) {protect, rC++}
   (You found it on level 6 of the Dungeon)

   It grants its wielder temporary protection when it strikes (+7 to AC).
   rC:        It greatly protects you from cold.
 b - a +1 war axe
 e - a +2 vampiric trident
 w - a +0 morningstar
 y - a +3 dagger of venom
 F - a +2 hand axe of freezing
Missiles
 i - 5 curare-tipped darts
 k - 43 stones
 s - 5 datura-tipped darts
 A - 3 atropa-tipped darts
 D - 11 poisoned darts (quivered)
 O - a throwing net
Armour
 c - a +0 kite shield (worn)
 f - a +0 plate armour
 l - a +0 chain mail
 t - a scarf of resistance (worn)
 G - a +4 scale mail (worn)
 I - a +0 pair of boots (worn)
 N - a +1 pair of gloves (worn)
Wands
 C - a wand of flame (30)
 L - a wand of digging (4)
Scrolls
 m - 2 scrolls of blinking
 n - 3 scrolls of fear
 p - a scroll of teleportation
 r - a scroll of silence
 M - a scroll of butterflies
Potions
 d - 3 potions of might
 g - 2 potions of attraction
 h - 6 potions of cancellation
 j - 3 potions of heal wounds
 q - 5 potions of mutation
 u - 2 potions of brilliance
 v - a potion of invisibility
 z - 3 potions of curing
 B - a potion of lignification
 J - 2 potions of berserk rage


   Skills:
 + Level 5.9 Fighting
 * Level 10.4 Axes
 - Level 2.0 Throwing
 + Level 6.1 Armour
 + Level 3.0 Dodging
 * Level 7.1 Shields
 + Level 4.6 Evocations


You had 9 spell levels left.
You didn't know any spells.
Your spell library contained the following spells:

 Spells                   Type           Power      Damage    Failure   Level
 Freeze                   Ice            0%         1d3       94%         1


Dungeon Overview and Level Annotations

Branches:
Dungeon (9/15)             Temple (1/1) D:7            Lair (0/5) D:9
  Sewer (visited)
    Orc: D:9-12

Altars:
Ashenzari
Cheibriados
Hepliaklqana
Kikubaaqudgha
Makhleb
Okawaru
Ru
Trog
Wu Jian
The Shining One

Shops:
D:1 =   D:6 (

Annotations:
D:8 3 runed translucent doors, exclusion: 3 doors, Sobaton's ghost, novice MiFi


Innate Abilities, Weirdness & Mutations

You are immune to sickness and miasma.
Your stone body is resilient. (AC +7)
You are immune to poison.
You resist negative energy. (rN+)
You are resistant to electric shocks. (rElec)
You are resistant to unholy torment.
You are immune to petrification.


Message History

You hit the death yak.
The death yak is almost dead.
You hit the death yak but do no damage. The death yak misses you.
The death yak gores you!
* * * LOW HITPOINT WARNING * * *
Unknown command.
You slash the death yak!
You kill the death yak!
Trog accepts your kill.
You hit the death yak.
Your Armour skill increases to level 6!
Your Dodging skill increases to level 3!
Your Shields skill increases to level 7!
The death yak gores you but does no damage.
You climb upwards.
Level annotation: 3 runed translucent doors, exclusion: 3 doors, Sobaton's ghost, novice MiFi You feel a strong urge to attack something.
There is a stone staircase leading down here.
You hit the death yak but do no damage.
The death yak is lightly wounded.
The death yak gores you.
* * * LOW HITPOINT WARNING * * *
You slash the death yak!
The death yak is lightly wounded.
You slash the death yak!
The death yak is moderately wounded.
You block the death yak's attack.
You hit the death yak.
The death yak is moderately wounded.
The death yak gores you but does no damage.
You slash the death yak!
The death yak is heavily wounded.
You slash the death yak!
The death yak is severely wounded.
The death yak gores you!
* * * LOW HITPOINT WARNING * * *
You slice the death yak!!
The death yak is almost dead.
The death yak gores you!
You die...

#.........##..###.....#
##.......###..##.......
####...####.........##
##### #..........##
#....#.#....# #######
#.........#.. ##.....##
#.........###
#.......## #.....#..##
# #......@.###........#
# #.......Y##.........#
#........##.....#.#.#
##.......#...#......#
#...........##..####
##..........#####
##........## #####....#
#.....#


You could see a death yak.

Vanquished Creatures
  A two-headed ogre (D:8)
  2 death yaks
  Pikel (D:5)
  A hornet (D:7)
  3 yaks (D:8)
  2 steam dragons (D:7)
  Menkaure (D:5)
  Edmund (D:4)
  An acid dragon (D:8)
  A water moccasin (D:6)
  An orc warrior (D:7)
  3 sky beasts
  4 ice beasts
  An ogre (D:6)
  A centaur (D:7)
  A kobold brigand (D:8)
  A gnoll sergeant (D:7)
  2 bullfrogs (D:7)
  A scorpion (D:5)
  2 necrophages
  2 lava snakes (D:7)
  3 hounds
  3 jellies
  3 orc priests
  2 gnoll boudas
  An iguana (D:5)
  A hell rat (Sewer)
  6 orc wizards
  12 adders
  13 gnolls
  7 river rats
  2 white imps
  An ufetubus (D:5)
  3 worms
  3 dart slugs
  25 orcs
  5 endoplasms
  3 giant cockroaches
  8 goblins
  12 hobgoblins
  7 jackals
  10 quokkas
  9 ball pythons
  5 bats
  2 frilled lizards
  9 kobolds
  12 rats
200 creatures vanquished.

Vanquished Creatures (others)
  A wizard (D:3)
  A shadow imp (D:7)
  An orc (D:7)
3 creatures vanquished.

Grand Total: 203 creatures vanquished

Notes
Turn   | Place    | Note
-------+----------+-------------------------------------------
     0 | D:1      | KamiKatze the Gargoyle Fighter began the quest for the Orb.
     0 | D:1      | Reached XP level 1. HP: 14/14 MP: 1/1
    61 | D:1      | Reached skill level 2 in Axes
    61 | D:1      | Reached XP level 2. HP: 9/19 MP: 2/2
   248 | D:1      | Found Yfiokh's Jewellery Emporium.
   625 | D:1      | Found a faded altar of an unknown god.
   638 | D:1      | Got Plato's Excursus on Ice
   841 | D:2      | Reached XP level 3. HP: 16/23 MP: 3/3
  1077 | D:2      | Found a glowing golden altar of the Shining One.
  1095 | D:2      | Reached XP level 4. HP: 29/29 MP: 4/4
  1737 | D:2      | Reached skill level 3 in Axes
  2060 | D:2      | You fall into a shaft and drop 1 floor!
  2283 | D:3      | Found a bloodstained altar of Trog.
  2285 | D:3      | Noticed a wizard
  2291 | D:3      | Killed a wizard
  2293 | D:3      | Became a worshipper of Trog the Wrathful
  2414 | D:3      | Reached XP level 5. HP: 31/33 MP: 5/5
  2803 | D:3      | Reached skill level 1 in Throwing
  3066 | D:4      | Reached XP level 6. HP: 38/38 MP: 6/6
  3120 | D:4      | Reached skill level 4 in Axes
  3148 | D:4      | Reached * piety under Trog
  3213 | D:4      | Reached skill level 1 in Evocations
  3304 | D:4      | Found a glowing drain.
  3313 | Sewer    | Entered a sewer
  3884 | D:4      | Reached XP level 7. HP: 38/43 MP: 7/7
  3889 | D:4      | Reached ** piety under Trog
  4050 | D:4      | Found an ornate altar of the Wu Jian Council.
  4183 | D:5      | Entered Level 5 of the Dungeon
  4299 | D:5      | Reached skill level 5 in Axes
  4337 | D:5      | Noticed Pikel
  4390 | D:5      | Killed Pikel
  4391 | D:5      | Reached skill level 7 in Axes
  4391 | D:5      | Reached XP level 8. HP: 48/48 MP: 8/8
  4463 | D:5      | Noticed Menkaure
  4463 | D:5      | Noticed Edmund
  4489 | D:4      | Killed Edmund
  4697 | D:5      | Killed Menkaure
  4838 | D:5      | Reached skill level 8 in Axes
  5467 | D:6      | Reached XP level 9. HP: 52/52 MP: 9/9
  5476 | D:6      | Identified the +7 hand axe of Plague {protect, rC++}
  5481 | D:6      | Found a broken altar of Ashenzari.
  5495 | D:6      | Reached skill level 9 in Axes
  5772 | D:6      | Found Zobbagaci's Antique Weapon Emporium.
  6032 | D:7      | Reached skill level 1 in Dodging
  6041 | D:7      | Found a staircase to the Ecumenical Temple.
  6051 | Temple   | Entered the Ecumenical Temple
  6105 | D:7      | Found a snail-covered altar of Cheibriados.
  6297 | D:7      | Reached *** piety under Trog
  6408 | D:7      | Reached skill level 5 in Shields
  6446 | D:7      | Found a burning altar of Makhleb.
  6555 | D:7      | Reached skill level 5 in Armour
  6564 | D:7      | Noticed a hornet
  6604 | D:7      | Found an ancient bone altar of Kikubaaqudgha.
  6752 | D:7      | Killed a hornet
  6753 | D:7      | Reached skill level 5 in Fighting
  6812 | D:7      | Reached XP level 10. HP: 59/59 MP: 10/10
  7036 | D:8      | Found a runed translucent gate.
  7036 | D:8      | Found a runed translucent gate.
  7037 | D:8      | Found a runed translucent gate.
  7039 | D:8      | Noticed Sobaton's ghost (novice MiFi)
  7118 | D:8      | Reached skill level 10 in Axes
  7250 | D:8      | Found an iron altar of Okawaru.
  7645 | D:8      | Found a hazy altar of Hepliaklqana.
  7765 | D:8      | Noticed a two-headed ogre
  7831 | D:8      | Killed a two-headed ogre
  8701 | D:9      | Noticed a death yak
  8702 | D:9      | Noticed a death yak
  8703 | D:9      | Noticed a death yak
  8706 | D:9      | Noticed a death yak
  8723 | D:8      | Killed a death yak
  8790 | D:9      | Killed a death yak
  8799 | D:8      | Slain by a death yak

Illustrated notes

Levels and vault maps discovered:
D:1:      spicycebolla_green_bress_n_ham, layout_basic, serial_shops, shop,
          shapermc_ecumenical_altar_rom_forum, nicolae_wormholes
D:2:      layout_basic, basic_altar, serial_co_window_serial, co_window_paths_a,
          co_window_paths_a, co_window_paths_b, co_window_paths_a,
          co_window_paths_b, co_window_paths_a, co_window_corner_a,
          co_window_paths_a, co_window_paths_a, co_window_broadway_c,
          co_window_paths_c, co_window_broadway_c, co_window_cross_2,
          co_window_2corner, co_window_4corner_b, minmay_misc_feat_plants
D:3:      layout_basic, trog_wizard, minmay_tree_intersection,
          corexii_leaking_fountain
D:4:      layout_rooms, marbit_many_paths, lightli_sewer_entry_pipes
D:5:      layout_basic, uniq_pikel, uniq_menkaure, uniq_edmund
D:6:      layout_rooms, ashenzari_conservatory_becter, serial_shops, shop_coins
D:7:      layout_gridville, lemuel_crystal_altar,
          mainiacjoe_overflow_catch_the_wave, minmay_temple_entry_sparse_star,
          st_stairs_7, minmay_misc_feat_columns
D:8:      layout_cave_pods, kennysheep_okawaru_gauntlet,
          mainiacjoe_overflow_alcove_2, gammafunk_ghost_split,
          minmay_misc_feat_room, roderic_lattice_a, minmay_misc_feat_five,
          chequers_jeans
D:9:      layout_loops_ring, dpeg_lair_monsters
Temple:   dshaligram_water_room_temple

Skill      XL: |  1  2  3  4  5  6  7  8  9 10 |
---------------+-------------------------------+-----
Axes           | 2 3 4 7 8 9 10 | 10.4
Fighting       | 4 5 |  5.9
Armour         | 4 5 6 |  6.1
Shields        | 4 5 7 |  7.1
Throwing       | 1 2 |  2.0
Evocations     | 1 3 4 |  4.6
Dodging        | 2 3 |  3.0

Action                   |  1- 3 |  4- 6 |  7- 9 | 10-12 || total
-------------------------+-------+-------+-------+-------++-------
Melee: War axe           |   122 |    44 |    55 |       ||   221
       Hand axe          |       |   212 |   208 |   105 ||   525
       Trident           |       |       |       |     6 ||     6
Throw: Dart              |       |     1 |     5 |     7 ||    13
       Stone             |       |       |     5 |       ||     5
Invok: Berserk           |       |       |     5 |     4 ||     9
       Trog's Hand       |       |       |     2 |       ||     2
  Use: Scroll            |     1 |    10 |     2 |    10 ||    23
Armor: Scale mail        |    84 |   111 |   138 |    43 ||   376
Dodge: Dodged            |    73 |    93 |   100 |    22 ||   288
Block: Buckler           |    31 |    56 |    26 |       ||   113
       Kite shield       |       |       |    37 |    28 ||    65
